 Dungeon Crawl Stone Soup version 0.23.2-1-ga50397a (webtiles) character file.

Game seed: 8836828528417599800

105 Hogrash the Chopper (level 4, -2/39 HPs)
             Began as a Hill Orc Monk on May 11, 2019.
             Killed from afar by an orc wizard (5 damage)
             ... with a puff of flame
             ... on level 3 of the Dungeon.
             The game lasted 00:04:26 (2374 turns).

Hogrash the Chopper (Hill Orc Monk)                 Turns: 2374, Time: 00:04:28

Health: -2/39      AC:  3    Str: 18 (19) XL:     4   Next: 81%
Magic:  4/4        EV: 12    Int:  8 (10) God:
Gold:   119        SH:  0    Dex: 11 (13) Spells: 3/3 levels left

rFire    . . .     SeeInvis .   d - +0 broad axe
rCold    . . .     Gourm    .   (no shield)
rNeg     . . .     Faith    .   b - +0 robe
rPois    .         Spirit   .   (no helmet)
rElec    .         Reflect  .   e - +0 cloak
rCorr    .         Harm     .   (no gloves)
MR       .....                  (no boots)
Stlth    ++........             (no amulet)
HPRegen  0.13/turn              (no ring)
MPRegen  0.09/turn              (no ring)

@: mighty, lethally poisoned (-2 -> -6), flying
A: no striking features
a: no special abilities


You were on level 3 of the Dungeon.
You were not hungry.

You visited 1 branch of the dungeon, and saw 3 of its levels.
You also visited: Sewer.

You collected 119 gold pieces.

Inventory:

Hand Weapons
 a - a +0 hand axe
 d - a +0 broad axe (weapon)
Armour
 b - a +0 robe (worn)
 e - a +0 cloak (worn)
Jewellery
 g - a +6 ring of strength {unknown}
Scrolls
 f - 2 scrolls of enchant armour {unknown}
 h - 2 scrolls of identify {unknown}
 j - 2 scrolls of magic mapping {unknown}
 l - a scroll of teleportation {unknown}
 m - a scroll of enchant weapon {unknown}
 p - a scroll of blinking {unknown}
 q - a scroll of fog {unknown}
 r - 3 scrolls of fear {unknown}
 s - a scroll of amnesia {unknown}
Potions
 i - a potion of might
 o - 2 potions of flight
Comestibles
 c - a ration
 n - a chunk of flesh


   Skills:
 - Level 3.6 Fighting
 + Level 7.1 Axes
 - Level 2.4 Dodging
 - Level 1.5 Stealth


You had 3 spell levels left.
You didn't know any spells.
Your spell library was empty.

Dungeon Overview and Level Annotations

Branches:
Dungeon (3/15)

Altars:


Message History

Unknown command.
It was a potion of flight.
You feel very buoyant.
You fly up into the air.
* * * LOW HITPOINT WARNING * * *
You feel sick. The adder bites you but does no damage.
The orc wizard gestures at you while chanting.
The puff of flame misses you. The hobgoblin hits you.
* * * LOW HITPOINT WARNING * * *
The adder bites you.
* * * LOW HITPOINT WARNING * * *
Unknown command.
It was a potion of curing.
You feel better. The adder bites you.
* * * LOW HITPOINT WARNING * * *
You are poisoned.
The adder poisons you! The hobgoblin hits you.
* * * LOW HITPOINT WARNING * * *
The orc wizard points at you and mumbles some strange words.
The puff of flame hits you.
You die...

#...##.. .## #. ##.##
#. #.. . #. #.. ..#
#.#### #.# #.# #...%#
#.###.#
#....#####.....#
###))g...........##
#...@o....#.#.....###
#....S...............
#.........#.#.....###
####...####......##
#...# ###.##.# #....
#.##.# ##...w #.##.#
...... #....# ....%.
####.#


You could see a worm, an orc wizard, an adder and a hobgoblin.

Vanquished Creatures
  2 adders (D:2)
  An ooze (Sewer)
  A worm (Sewer)
  2 dart slugs (D:2)
  3 leopard geckos
  2 orcs (D:3)
  3 ball pythons
  11 bats
  8 giant cockroaches
  2 hobgoblins (D:2)
  4 jackals (Sewer)
  6 kobolds (D:2)
  6 frilled lizards
  9 goblins
  7 rats
67 creatures vanquished.

Notes
Turn   | Place    | Note
-------+----------+-------------------------------------------
     0 | D:1      | Hogrash the Hill Orc Monk began the quest for the Orb.
     0 | D:1      | Reached XP level 1. HP: 19/19 MP: 1/1
   269 | D:1      | Reached XP level 2. HP: 19/26 MP: 2/2
   469 | D:2      | Reached skill level 5 in Axes
   794 | D:2      | Reached XP level 3. HP: 31/31 MP: 3/3
  1195 | D:2      | Reached skill level 6 in Axes
  1466 | D:2      | Reached XP level 4. HP: 17/39 MP: 4/4
  1825 | D:3      | Found a glowing drain.
  1853 | Sewer    | Entered a sewer
  2125 | Sewer    | Reached skill level 7 in Axes
  2374 | D:3      | Killed from afar by an orc wizard

Skill      XL: |  1  2  3  4 |
---------------+-------------+-----
Axes           | 5 6 7 |  7.1
Fighting       | |  3.6
Dodging        | |  2.4
Stealth        | |  1.5

Action                   |  1- 3 |  4- 6 || total
-------------------------+-------+-------++-------
Melee: Hand axe          |    63 |       ||    63
       Broad axe         |    69 |    72 ||   141
  Use: Potion            |     2 |     3 ||     5
 Stab: Sleeping          |     2 |     1 ||     3
  Eat: Chunk             |     1 |     4 ||     5
Armor: Robe              |    43 |    44 ||    87
Dodge: Dodged            |    97 |   101 ||   198
